 Dungeon Crawl Stone Soup version 0.25.1-8-g42b30a86e7 (webtiles) character file.

Game seed: 9895858900023215497

3498 Gabide the Grappler (level 10, -2/81 (82) HPs)
             Began as a Ghoul Abyssal Knight on Dec 2, 2020.
             Was an Elder of Lugonu.
             Slain by an orc warrior
             ... wielding a +0 flail
              (13 damage)
             ... on level 8 of the Dungeon on Dec 3, 2020.
             The game lasted 00:21:00 (8812 turns).

Gabide the Grappler (Ghoul Abyssal Knight)          Turns: 8812, Time: 00:21:00

HP:   -2/81 (82)    AC:  7    Str: 17    XL:     10   Next: 7%
MP:   10/11         EV: 14    Int:  7    God:    Lugonu [****..]
Gold: 326           SH:  0    Dex: 17    Spells: 9/9 levels left

rFire    . . .     SeeInvis .     - Unarmed
rCold    + . .     Gourm    .   (no shield)
rNeg     + + +     Faith    .   n - +1 ring mail
rPois    ∞         Spirit   .   u - +0 helmet
rElec    .         Reflect  .   (no cloak)
rCorr    +         Harm     .   (no gloves)
MR       .....                  (no boots)
Stlth    +.........             l - amulet of the acrobat
HPRegen  0.00/turn              p - ring of resist corrosion
MPRegen  0.12/turn              q - +6 ring of dexterity

@: mighty, rotting, hasted, very quick
A: rotting body, claws 1, carnivore, cold resistance 1, negative energy
resistance 3, inhibited regeneration, torment resistance, unbreathing
a: Depart the Abyss, Bend Space, Banish, Corrupt, Renounce Religion


You were on level 8 of the Dungeon.
You worshipped Lugonu.
Lugonu was greatly pleased with you.
You were not hungry.

You visited 1 branch of the dungeon, and saw 8 of its levels.
You visited the Abyss 1 time.

You collected 326 gold pieces.

Inventory:

Armour
 n - a +1 ring mail (worn)
 u - a +0 helmet (worn)
Magical Staves
 s - an uncursed staff of death
 t - an uncursed staff of cold
Jewellery
 c - an uncursed ring of magical power
 i - an uncursed ring of stealth
 l - an amulet of the acrobat (around neck)
 p - a ring of resist corrosion (left claw)
 q - a +6 ring of dexterity (right claw)
Wands
 g - a wand of iceblast (8)
 r - a wand of flame (14)
Scrolls
 h - 5 scrolls of remove curse
 v - a scroll of identify
 w - a scroll of magic mapping
 z - 2 scrolls of teleportation
Potions
 a - a potion of resistance {unknown}
 d - a potion of brilliance {unknown}
 f - a potion of magic
 j - a potion of curing
 k - a potion of haste
 m - a potion of lignification {unknown}
 o - a potion of might
 x - a potion of mutation {unknown}
Comestibles
 b - 15 rations


   Skills:
 * Level 5.6 Fighting
 - Level 1.8 Armour
 * Level 4.9 Dodging
 + Level 13.0 Unarmed Combat
 + Level 2.8 Invocations


You had 9 spell levels left.
You didn't know any spells.
Your spell library contained the following spells:

 Spells                   Type           Power        Failure   Level  Hunger
 Corona                   Hex            #......      63%         1    ##.....
 Call Imp                 Summ           #.......     77%         2    ###....
 Ensorcelled Hibernation  Hex/Ice        #.....       77%         2    ###....
 Confusing Touch          Hex            #.......     94%         3    ####...
 Dazzling Flash           Conj/Hex       #.....       94%         3    ####...
 Tukima's Dance           Hex            #.......     94%         3    ####...
 Leda's Liquefaction      Hex/Erth       #.........   100%        4    #####..
 Summon Forest            Summ/Tloc      #.........   100%        5    ######.
 Iron Shot                Conj/Erth      #.........   100%        6    #######


Dungeon Overview and Level Annotations

Branches:
Dungeon (8/15)             Temple (0/1) D:4            Lair (0/6) D:8

Altars:
Ashenzari
Fedhas
Gozag
Nemelex Xobeh
Qazlal
Vehumet
Wu Jian
Zin

Annotations:
D:7 corrupted


Innate Abilities, Weirdness & Mutations

Your body is rotting away.
You thrive on raw meat.
You are immune to poison.
You have sharp fingernails.
You are carnivorous and can eat meat at any time.
Your flesh is cold resistant. (rC+)
You are immune to negative energy. (rN+++)
You do not regenerate when monsters are visible.
You are immune to unholy pain and torment.
You can survive without breathing.


Message History

The orc warrior is lightly wounded.
The orc warrior hits you with a +0 flail!
You closely miss the orc warrior.
The orc warrior is lightly wounded.
You claw the orc warrior!
The orc warrior is heavily wounded.
The orc warrior hits you with a +0 flail!
* * * LOW HITPOINT WARNING * * *
Space bends around you!
You blink.
Okay, then.
As you read the scroll of identify, it crumbles to dust.
o - 2 potions of might
As you read the scroll of identify, it crumbles to dust.
k - 2 potions of haste You feel very mighty all of a sudden.
You feel yourself speed up.
You closely miss the orc warrior.
The orc warrior is heavily wounded.
The orc warrior hits you with a +0 flail!
You die...

.....#. #..o.o###
.....#. #..oo..o#
......#### #o#
......... #.#
.....#.#### #o#
#........# #.#
###......########.#
...##.#..#...#.#o.#
......#......#..@##
#...#.###....#.###
#...#.# ###....#
#.....### #..###
#.......# #..#
........#...##
>.......###.#
......)))...#
#.....)>...##


You could see 2 orc warriors and 2 orcs.

Vanquished Creatures
  A spriggan (D:7)
  A steam dragon (D:6)
  A water moccasin (D:8)
  3 ice beasts
  An orc warrior (D:6)
  A phantom (D:5)
  2 sky beasts
  2 ogres
  2 centaurs
  7 bullfrogs
  A scorpion (D:6)
  7 killer bees
  5 wights (D:8)
  4 howler monkeys
  A crimson imp (D:5)
  2 jellies
  5 orc priests
  5 orc wizards
  4 hounds
  A centaur skeleton (D:5)
  4 worker ants
  2 iguanas
  A worker ant zombie (D:7)
  8 adders
  A howler monkey skeleton (D:6)
  2 shadow imps
  3 oozes
  3 adder zombies
  A worm (D:2)
  6 dart slugs
  4 leopard geckos
  22 orcs
  A ball python (D:2)
  6 giant cockroaches
  9 goblins
  12 hobgoblins
  15 jackals
  8 kobolds
  2 quokkas
  12 bats
  6 frilled lizards
  A leopard gecko skeleton (D:5)
  A quokka skeleton (D:7)
  7 rats
193 creatures vanquished.

Vanquished Creatures (others)
  An ice beast (D:7)
  An orc warrior (D:7)
  An electric eel (D:7)
  A crimson imp (D:7)
  An orc wizard (D:7)
  4 orcs (D:7)
  10 plants (D:7)
  4 starspawn tentacles (D:7)
23 creatures vanquished.

Grand Total: 216 creatures vanquished

Notes
Turn   | Place    | Note
-------+----------+-------------------------------------------
     0 | Abyss:1  | Gabide the Ghoul Abyssal Knight began the quest for the
                  | Orb.
     0 | Abyss:1  | Reached XP level 1. HP: 19/19 MP: 1/1
    42 | Abyss:1  | Noticed a large abomination
    43 | D:1      | Escaped the Abyss
   220 | D:1      | Reached skill level 1 in Dodging
   236 | D:1      | Reached XP level 2. HP: 17/25 MP: 2/2
   578 | D:1      | Reached * piety under Lugonu
   587 | D:1      | Reached XP level 3. HP: 25/33 MP: 3/3
  1061 | D:1      | Reached skill level 3 in Unarmed Combat
  1522 | D:2      | Reached XP level 4. HP: 31/40 MP: 4/4
  1680 | D:2      | Found an opulent altar of Gozag.
  1940 | D:2      | Reached skill level 4 in Unarmed Combat
  2226 | D:2      | Reached ** piety under Lugonu
  2557 | D:3      | Reached XP level 5. HP: 46/46 MP: 5/5
  2979 | D:3      | Reached skill level 5 in Unarmed Combat
  3128 | D:3      | Reached XP level 6. HP: 48/52 MP: 6/6
  3872 | D:4      | Reached skill level 6 in Unarmed Combat
  3890 | D:4      | Found a staircase to the Ecumenical Temple.
  3915 | D:4      | Reached *** piety under Lugonu
  4389 | D:4      | Reached XP level 7. HP: 42/60 MP: 7/7
  4391 | D:4      | Reached skill level 7 in Unarmed Combat
  4726 | D:5      | Entered Level 5 of the Dungeon
  5041 | D:5      | Reached skill level 8 in Unarmed Combat
  5218 | D:5      | Reached XP level 8. HP: 42/67 MP: 8/8
  5417 | D:5      | Found a stormy altar of Qazlal.
  5509 | D:5      | Reached skill level 9 in Unarmed Combat
  5586 | D:5      | Found a shattered altar of Ashenzari.
  5885 | D:5      | Reached skill level 10 in Unarmed Combat
  6131 | D:6      | Reached XP level 9. HP: 30/73 MP: 9/9
  6508 | D:6      | Reached skill level 11 in Unarmed Combat
  6554 | D:6      | Reached skill level 5 in Fighting
  6735 | D:6      | Found a blossoming altar of Fedhas.
  6825 | D:6      | Reached **** piety under Lugonu
  6937 | D:6      | Identified a scroll of acquirement
  6937 | D:6      | Acquired a +1 pair of gloves of strength
  6983 | D:7      | Found a glowing silver altar of Zin.
  7050 | D:7      | Corrupted D:7
  7050 | D:7      | Noticed a bone dragon
  7050 | D:7      | Noticed a thrashing horror
  7050 | D:7      | Noticed a kobold demonologist
  7192 | D:7      | Reached skill level 12 in Unarmed Combat
  7540 | D:7      | Found a radiant altar of Vehumet.
  7835 | D:7      | Found a sparkling altar of Nemelex Xobeh.
  7987 | D:7      | Identified the Almanac of the Supportive Rocks
  8404 | D:8      | Found an ornate altar of the Wu Jian Council.
  8427 | D:8      | Found a blossoming altar of Fedhas.
  8483 | D:8      | Found a staircase to the Lair.
  8511 | D:8      | Reached XP level 10. HP: 78/79 MP: 11/11
  8801 | D:8      | Reached skill level 13 in Unarmed Combat
  8812 | D:8      | Slain by an orc warrior

Illustrated notes

Levels and vault maps discovered:
D:1:      lightli_arrival_lavapool, layout_basic, amethyst_killhole,
          bh_walls_and_bars
D:2:      layout_basic, grunt_gozag_statues
D:3:      layout_basic
D:4:      layout_basic, temple_statues, first_ration
D:5:      layout_loops_cross, ashenzari_conservatory_becter, st_stairs_1,
          grunt_qazlal_clouds
D:6:      layout_cave_pools, fedhas_altar_1
D:7:      layout_basic, marbit_many_paths, kennysheep_mini,
          nicolae_overflow_crystal_walls, serial_bayou_ford_a, the_bakery,
          minmay_strange_pillars
D:8:      layout_basic, kennysheep_mini_moat, lemuel_round_altar,
          lair_entry_dummy, serial_shops, shop_statue, special_room
          [special_room_orc], lemuel_centaur_altar

Skill      XL: |  1  2  3  4  5  6  7  8  9 10 |
---------------+-------------------------------+-----
Dodging        | 1 2 3 4 |  4.9
Fighting       | 4 5 |  5.6
Unarmed Combat | 3 4 5 6 8 10 12 13 | 13.0
Armour         | |  1.8
Invocations    | |  2.8

Action                   |  1- 3 |  4- 6 |  7- 9 | 10-12 || total
-------------------------+-------+-------+-------+-------++-------
Melee: Unarmed           |   109 |   229 |   331 |    28 ||   697
       Punch             |     1 |     3 |    18 |     2 ||    24
Throw: Stone             |       |     8 |       |       ||     8
Invok: Depart the Abyss  |     1 |       |       |       ||     1
       Bend Space        |       |       |     1 |     1 ||     2
       Corrupt           |       |       |     1 |       ||     1
  Use: Scroll            |     6 |     4 |     7 |     2 ||    19
       Potion            |     1 |     3 |       |     3 ||     7
 Stab: Sleeping          |       |     5 |     1 |       ||     6
  Eat: Chunk             |     4 |    11 |    13 |       ||    28
       Ration            |       |       |     2 |       ||     2
Armor: Leather armour    |    31 |    45 |       |       ||    76
       Ring mail         |       |     7 |    68 |     1 ||    76
Dodge: Dodged            |    58 |   152 |   206 |    17 ||   433
